 Dungeon Crawl Stone Soup version 0.29-a0-885-gb26ba3297d (webtiles) character file.

Game seed: 13266627944478490759

214 funkygono the Digger (level 5, -2/28 HPs)
             Began as a Gargoyle Earth Elementalist on July 20, 2022.
             Slain by Terence
             ... wielding a +0 mace
              (6 damage)
             ... on level 2 of the Dungeon.
             The game lasted 00:02:07 (1529 turns).

funkygono the Digger (Gargoyle Earth Elementalist)  Turns: 1529, Time: 00:02:08

Health: -2/28      AC:  6    Str: 12    XL:     5   Next: 92%
Magic:  7/10       EV:  9    Int: 17    God:
Gold:   92         SH:  0    Dex: 10    Spells: 8/11 levels left

rFire   . . .      SeeInvis .   d - +0 whip
rCold   . . .      Faith    .   (no shield)
rNeg    + . .      Spirit   .   a - +0 robe
rPois   ∞          Reflect  .   (no helmet)
rElec   +          Harm     .   (no cloak)
rCorr   .          Rampage  .   (no gloves)
Will    .....                   (no boots)
Stlth   ++........              (no amulet)
HPRegen 0.09/turn               (no ring)
MPRegen 0.12/turn               (no ring)

@: grasped by roots, constricted
A: sickness immunity, AC +4, negative energy resistance 1, electricity
resistance, torment resistance 1, petrification resistance
a: no special abilities


You were on level 2 of the Dungeon.
You visited 1 branch of the dungeon, and saw 2 of its levels.

You collected 92 gold pieces.

Inventory:

Hand Weapons
 d - a +0 whip (weapon)
Armour
 a - a +0 robe (worn)
Scrolls
 f - a scroll of amnesia {unknown}
 g - a scroll of poison {unknown}
 h - a scroll of immolation {unknown}
 i - 3 scrolls of identify {unknown}
 j - a scroll of fog {unknown}
 n - a scroll of teleportation {unknown}
 p - a scroll of noise {unknown}
Potions
 b - a potion of magic
 c - a potion of mutation {unknown}
 e - a potion of haste {unknown}
 k - a potion of curing {unknown}
 l - 2 potions of brilliance {unknown}
 m - a potion of heal wounds {unknown}
 o - a potion of lignification {unknown}


   Skills:
 + Level 2.1 Dodging
 - Level 2.1 Stealth
 + Level 3.8 Spellcasting
 + Level 0.7 Transmutations
 + Level 6.0 Earth Magic


You had 8 spell levels left.
You knew the following spells:

 Your Spells              Type           Power      Damage    Failure   Level
a - Sandblast             Erth           46%        2d11      1%          1
b - Passwall              Tmut/Erth      11%        N/A       6%          2

Your spell library contained the following spells:

 Spells                   Type           Power      Damage    Failure   Level
 Stone Arrow              Conj/Erth      26%        3d8       14%         3
 Apportation              Tloc           6%         N/A       16%         1
 Necrotise                Necr           12%        1d4       16%         1
 Summon Small Mammal      Summ           12%        N/A       16%         1
 Petrify                  Tmut/Erth      14%        N/A       38%         4


Dungeon Overview and Level Annotations

Branches:
Dungeon (2/15)

Altars:

Annotations:
D:2 Terence


Innate Abilities, Weirdness & Mutations

You are immune to sickness and miasma.
Your stone body is resilient. (AC +4)
You are immune to poison.
You resist negative energy. (rN+)
You are resistant to electric shocks. (rElec)
You are resistant to unholy torment.
You are immune to petrification.


Message History

Casting: Sandblast (safe; 1% risk of failure)
Confirm with . or Enter, or press ? or * to list all spells.
Aiming: Sandblast (safe; 1% risk of failure)
Press: ? - help, Shift-Dir - straight line, f - Terence
Aim: Terence, wielding a +0 mace, wearing a +0 chain mail of fire resistance and carrying a wand of roots (11) (86% to hit)
The blast of sand hits Terence but does no damage.
Terence hits you with a +0 mace. x2
Casting: Sandblast (safe; 1% risk of failure)
Confirm with . or Enter, or press ? or * to list all spells.
Aiming: Sandblast (safe; 1% risk of failure)
Press: ? - help, Shift-Dir - straight line, f/p - Terence
Aim: Terence, wielding a +0 mace, wearing a +0 chain mail of fire resistance and carrying a wand of roots (11) (86% to hit)
The blast of sand misses Terence.
Terence barely misses you.
Terence shouts, "Get ready for death!"
Terence barely misses you.
Unknown command.
Casting: Sandblast (safe; 1% risk of failure)
Confirm with . or Enter, or press ? or * to list all spells.
Aiming: Sandblast (safe; 1% risk of failure)
Press: ? - help, Shift-Dir - straight line, f/p - Terence
Aim: Terence, wielding a +0 mace, wearing a +0 chain mail of fire resistance and carrying a wand of roots (11) (86% to hit)
The blast of sand hits Terence but does no damage.
Terence zaps a wand.
The roots erupt in riotous growth!
The grasping roots grab you!
Terence is unaffected.
The grasping roots constrict you. Terence hits you with a +0 mace.
The grasping roots constrict you.
* * * LOW HITPOINT WARNING * * *
The grasping roots release their grip on you.
Casting: Sandblast (safe; 1% risk of failure)
Confirm with . or Enter, or press ? or * to list all spells.
Aiming: Sandblast (safe; 1% risk of failure)
Press: ? - help, Shift-Dir - straight line, f/p - Terence
Aim: Terence, wielding a +0 mace, wearing a +0 chain mail of fire resistance and carrying a wand of roots (10) (86% to hit)
The blast of sand hits Terence but does no damage.
Terence zaps a wand.
The roots erupt in riotous growth!
The grasping roots grab you!
Terence is unaffected.
The grasping roots constrict you.
* * * LOW HITPOINT WARNING * * *
Terence hits you with a +0 mace.
You die...

...###.# .. #.#.##.## ### #..#
#.# ## #.#.##.# # #..# #.#
#.#.##.# ##### #..###.#.
#####...##.# #<... ..........
..##...##.# #.### #@########
#.###<.##.# #.# #.#
######.###..##.# #.# #.#
#..).....@..##.# #.#
#.#####.####.###@###.# #.#
#..@.@..# #.# #.# #.# #.###
######### #.# #.# #.# ##.... #.#
#.# #.# ##...## #.# #.#
#.######.....#
###.###.###.............
#..................÷.=.#
##########.###############.#...##
...........# #....##


You could see Terence.

Vanquished Creatures
  Sigmund (D:2)
  2 adders (D:2)
  2 dart slugs (D:2)
  2 ball pythons (D:2)
  2 bats (D:1)
  3 endoplasms
  A giant cockroach (D:1)
  2 goblins (D:2)
  2 hobgoblins
  5 kobolds
  3 quokkas
  A frilled lizard (D:2)
  3 rats (D:2)
29 creatures vanquished.

Vanquished Creatures (others)
  17 plants (D:2)
17 creatures vanquished.

Grand Total: 46 creatures vanquished

Notes
Turn   | Place    | Note
-------+----------+-------------------------------------------
     0 | D:1      | funkygono the Gargoyle Earth Elementalist began the quest
                  | for the Orb.
     0 | D:1      | Reached XP level 1. HP: 10/10 MP: 3/3
   226 | D:1      | Found a faded altar of an unknown god.
   365 | D:1      | Reached skill level 4 in Earth Magic
   442 | D:1      | Reached XP level 2. HP: 15/15 MP: 3/5
   490 | D:1      | Learned a level 2 spell: Passwall
   940 | D:2      | Reached XP level 3. HP: 19/19 MP: 4/6
  1451 | D:2      | Noticed Sigmund
  1455 | D:2      | Noticed Terence
  1456 | D:2      | Killed Sigmund
  1457 | D:2      | Reached skill level 6 in Earth Magic
  1457 | D:2      | Reached XP level 4. HP: 24/24 MP: 2/9
  1457 | D:2      | Reached XP level 5. HP: 28/28 MP: 2/10
  1529 | D:2      | Slain by Terence

Illustrated notes

Levels and vault maps discovered:
D:1:      wander_arrival_chamber, layout_basic,
          shapermc_ecumenical_altar_totnotflames, st_stairs_6
D:2:      layout_loops_ring, serial_bayou_pond_c, uniq_sigmund, uniq_terence

Skill      XL: |  1  2  3 |
---------------+----------+-----
Earth Magic    | 4 6 |  6.0
Dodging        | 2 |  2.1
Spellcasting   | 3 |  3.8
Stealth        | |  2.1
Transmutations | |  0.7

Action                   |  1- 3 |  4- 6 || total
-------------------------+-------+-------++-------
 Cast: Sandblast         |    40 |     5 ||    45
Armor: Robe              |     6 |     3 ||     9
Dodge: Dodged            |     5 |     3 ||     8

Table legend: (Time is in decaauts)
 A = Elapsed time spent in this place.
 B = Non-inter-level travel time spent in this place.
 C = Inter-level travel time spent in this place.
 D = Time resting spent in this place.
 E = Time spent auto-exploring this place.
 F = Levels seen in this place.
 G = Mean time per level.
                   A        B        C        D        E       F      G
               +--------+--------+--------+--------+--------+-----+--------+
         Total |   1574 |   1570 |      4 |     37 |   1294 |   2 |  787.0 |
       Dungeon |   1574 |   1570 |      4 |     37 |   1294 |   2 |  787.0 |
               +--------+--------+--------+--------+--------+-----+--------+

Top non-repeatable levels by time:
     D:1: 926 daAuts
     D:2: 648 daAuts
